 Dungeon Crawl Stone Soup version 0.29-a0-284-gf9362112df (webtiles) character file.

Game seed: 18114453731478112351

1862 HotDog the Cudgeller (level 9, 0/55 HPs)
             Began as a Gargoyle Fighter on Mar 14, 2022.
             Slain by an unseen horror (5 damage)
             ... on level 6 of the Dungeon on Mar 15, 2022.
             The game lasted 00:10:58 (6885 turns).

HotDog the Cudgeller (Gargoyle Fighter)             Turns: 6885, Time: 00:10:58

Health: 0/55       AC: 19    Str: 32    XL:     9   Next: 13%
Magic:  11/11      EV:  9    Int:  9    God:
Gold:   566        SH:  5    Dex:  9    Spells: 8/8 levels left

rFire   . . .      SeeInvis .   v - +1 flail (protect)
rCold   . . .      Faith    .   c - +0 buckler
rNeg    + + .      Spirit   .   f - +0 chain mail
rPois   ∞          Reflect  .   e - +0 helmet
rElec   +          Harm     .   (no cloak)
rCorr   .          Rampage  .   (no gloves)
Will    .....      NoTele   +   n - +0 pair of boots of the Hairy God {-Tele rN+ Str+8}
Stlth   ..........              (no amulet)
HPRegen 0.18/turn               (no ring)
MPRegen 0.12/turn               (no ring)

@: no status effects
A: sickness immunity, AC +6, negative energy resistance 1, electricity
resistance, torment resistance 1, petrification resistance
a: no special abilities


You were on level 6 of the Dungeon.
You visited 1 branch of the dungeon, and saw 7 of its levels.
You also visited: Ossuary.

You collected 566 gold pieces.

Inventory:

Hand Weapons
 v - a +1 flail of protection (weapon)
Armour
 c - a +0 buckler (worn)
 e - a +0 helmet (worn)
 f - a +0 chain mail (worn)
 n - the +0 pair of boots of the Hairy God (worn) {-Tele rN+ Str+8}
   (You acquired it in an ossuary)

   Str:       It affects your strength (+8).
   rN:        It protects you from negative energy.
   -Tele:     It prevents most forms of teleportation.
Jewellery
 x - a ring of fire
Wands
 k - a wand of charming (12)
 p - a wand of flame (20)
 w - a wand of iceblast (8)
Scrolls
 d - a scroll of identify
 g - 2 scrolls of enchant weapon {unknown}
 l - a scroll of fog
 m - a scroll of amnesia {unknown}
 s - a scroll of fear
 t - a scroll of silence {unknown}
 u - 2 scrolls of teleportation
Potions
 a - 2 potions of flight
 b - 2 potions of brilliance
 h - a potion of resistance {unknown}
 i - a potion of haste {unknown}
 j - a potion of heal wounds
 o - a potion of attraction {unknown}
 q - a potion of lignification
 r - a potion of curing
 z - a potion of magic {unknown}


   Skills:
 * Level 5.6 Fighting
 * Level 7.3 Maces & Flails
 * Level 6.0 Armour
 * Level 2.8 Dodging
 * Level 5.4 Shields
 * Level 3.8 Invocations


You had 8 spell levels left.
You didn't know any spells.
Your spell library contained the following spells:

 Spells                   Type           Power      Damage    Failure   Level
 Animate Skeleton         Necr           0%         N/A       91%         1
 Pain                     Necr           0%         1d4       91%         1
 Sandblast                Erth           0%         2d4       91%         1
 Passwall                 Tmut/Erth      0%         N/A       97%         2
 Stone Arrow              Conj/Erth      0%         3d7       100%        3
 Vampiric Draining        Necr           0%         2d6       100%        3
 Cause Fear               Hex            0%         N/A       100%        4
 Dragon Form              Tmut           0%         N/A       100%        7
 Dragon's Call            Summ           0%         N/A       100%        9


Dungeon Overview and Level Annotations

Branches:
Dungeon (7/15)            Ossuary (visited)
 Temple: D:4-7

Altars:

Shops:
D:1 :

Annotations:
D:6 2 transporters, abdbla's ghost, novice MiFi


Innate Abilities, Weirdness & Mutations

You are immune to sickness and miasma.
Your stone body is resilient. (AC +6)
You are immune to poison.
You resist negative energy. (rN+)
You are resistant to electric shocks. (rElec)
You are resistant to unholy torment.
You are immune to petrification.


Message History

Things that are here:
a +0 leather armour; a +0 whip Something hits you.
There is a stone staircase leading down here.
Something hits you!
Things that are here:
a +0 spear; a +0 club; a +0 flail You sock something!
Your weapon exudes an aura of protection.
Something hits you. You block something's attack.
You miss something. Something hits you but does no damage.
You block something's attack.
You closely miss something.
Something hits you but does no damage. x2
Something hits you but does no damage. You block something's attack.
You see here a +0 spear.
Something hits you but does no damage. Something hits you.
* * * LOW HITPOINT WARNING * * *
Things that are here:
a +0 spear of flaming; a +0 ring mail; a +0 spear Something hits you but does no damage. x2
You see here a +0 spear.
Something hits you but does no damage.
Things that are here:
a +0 spear; a +0 club; a +0 flail Something hits you but does no damage.
You block something's attack.
There is a stone staircase leading down here.
Something hits you.
* * * LOW HITPOINT WARNING * * *
Things that are here:
a +0 leather armour; a +0 whip Something hits you but does no damage. x2
Something hits you.
* * * LOW HITPOINT WARNING * * *
Something hits you but does no damage. x2; Something hits you.
* * * LOW HITPOINT WARNING * * *
You miss something. Something completely misses you. Something hits you.
* * * LOW HITPOINT WARNING * * *
Something hits you.
You die...

##........######.#####..........#
#..#.##..# #.# #.#.......##
#..#..#..# #.# #.##.....##
#..##.#..# #.# #.###...##
#..##.#..# #.#####.####'###
##..##.#..# #..............#
#.........# #.#####.####.#.#
#.####.#### #.# #.####<#.### #.#
#.# #@# #.##........ #.####.#####
#.#####........### ...........#
#.[>))))##....## ...........#
#######.##.#.## .###.......#
#[..#.#.# ##.##.###..# #.#.....#
..###.#..# #...#.#.# .#...9#..#
#######.# #.##.##..# #.#####


There were no monsters in sight!

Vanquished Creatures
  Maggie (D:6)
  Prince Ribbit (D:5)
  A water moccasin (D:6)
  A black bear (D:5)
  A phantom (D:6)
  Blork the orc (D:6)
  3 bullfrogs (D:6)
  A gnoll sergeant (D:6)
  A necrophage (D:6)
  A scorpion (D:4)
  A hound (D:6)
  Natasha (thrice) (D:2)
  2 gnoll shamans (D:6)
  3 orc wizards
  8 mummies (Ossuary)
  17 gnolls
  9 adders
  A white imp (D:6)
  2 worms
  2 dart slugs
  12 orcs
  2 endoplasms
  3 goblins
  5 hobgoblins
  4 jackals (D:1)
  5 kobolds
  A quokka (D:1)
  3 ball pythons
  6 bats
  3 frilled lizards
  4 gnoll zombies (Ossuary)
  A hobgoblin zombie (Ossuary)
  3 kobold zombies (Ossuary)
  8 rats
120 creatures vanquished.

Notes
Turn   | Place    | Note
-------+----------+-------------------------------------------
     0 | D:1      | HotDog the Gargoyle Fighter began the quest for the Orb.
     0 | D:1      | Reached XP level 1. HP: 14/14 MP: 1/1
   188 | D:1      | Reached XP level 2. HP: 19/19 MP: 2/2
   862 | D:1      | Found Laps's Book Shop.
   983 | D:1      | Found a faded altar of an unknown god.
  1018 | D:2      | Reached XP level 3. HP: 23/23 MP: 3/3
  1237 | D:2      | Reached skill level 1 in Invocations
  1295 | D:2      | Reached XP level 4. HP: 26/28 MP: 4/4
  1336 | D:2      | Noticed Natasha
  1341 | D:2      | Killed Natasha
  1457 | D:2      | Noticed Natasha
  1475 | D:2      | Killed Natasha
  1476 | D:2      | Reached skill level 3 in Maces & Flails
  1476 | D:2      | Reached XP level 5. HP: 25/33 MP: 4/6
  1617 | D:2      | Noticed Natasha
  1631 | D:2      | Killed Natasha
  1632 | D:2      | Reached skill level 1 in Dodging
  2854 | D:4      | Reached XP level 6. HP: 27/38 MP: 7/7
  3053 | D:4      | Found a sand-covered staircase.
  3058 | Ossuary  | Entered an ossuary
  3167 | Ossuary  | Reached skill level 4 in Maces & Flails
  3708 | Ossuary  | Identified a scroll of acquirement
  3709 | Ossuary  | Acquired the +0 pair of boots of the Hairy God {-Tele rN+
                  | Str+8}
  4391 | D:5      | Entered Level 5 of the Dungeon
  4441 | D:5      | Reached XP level 7. HP: 35/43 MP: 8/8
  5076 | D:5      | Noticed Prince Ribbit
  5095 | D:5      | Killed Prince Ribbit
  5096 | D:5      | Reached skill level 5 in Maces & Flails
  5096 | D:5      | Reached skill level 5 in Armour
  5405 | D:6      | Reached XP level 8. HP: 48/48 MP: 10/10
  5571 | D:6      | Reached skill level 5 in Fighting
  5571 | D:6      | Reached skill level 6 in Maces & Flails
  5668 | D:6      | Noticed a toenail golem
  5672 | D:6      | Noticed a raiju
  5689 | D:6      | Found a transporter.
  5690 | D:6      | Noticed Maggie
  5705 | D:6      | Killed Maggie
  5706 | D:6      | Reached skill level 5 in Shields
  5938 | D:6      | Noticed abdbla's ghost (novice MiFi)
  5939 | D:6      | Found a transporter.
  5942 | D:6      | Noticed Blork the orc
  5949 | D:6      | Killed Blork the orc
  6399 | D:6      | Reached skill level 7 in Maces & Flails
  6408 | D:6      | Reached XP level 9. HP: 53/54 MP: 11/11
  6885 | D:6      | Slain by an unseen horror

Illustrated notes

Levels and vault maps discovered:
D:1:      wander_arrival_fairy_ring, layout_basic, serial_shops,
          nicolae_shop_behind_doors, shapermc_ecumenical_altar_mp_vishouse
D:2:      layout_basic, uniq_natasha
D:3:      layout_loops_ring
D:4:      layout_layer_cave, nicolae_ossuary_entry_plus,
          kennysheep_generic_room_14
D:5:      kennysheep_windowed_halls, layout_rooms,
          minmay_temple_entry_statues_pillars, uniq_prince_ribbit1
D:6:      layout_loops_corners, gammafunk_ghost_abyssal_escape, uniq_maggie,
          uniq_blork_the_orc
D:7:      layout_cave_pools, david_defended_altar_orc, uniq_crazy_yiuf_cottage

Skill      XL: |  1  2  3  4  5  6  7  8  9 |
---------------+----------------------------+-----
Invocations    | 1 2 3 |  3.8
Maces & Flails | 3 4 5 7 |  7.3
Armour         | 4 5 6 |  6.0
Dodging        | 1 2 |  2.8
Shields        | 4 5 |  5.4
Fighting       | 4 5 |  5.6

Action                   |  1- 3 |  4- 6 |  7- 9 || total
-------------------------+-------+-------+-------++-------
Melee: Flail             |   122 |   219 |   190 ||   531
  Use: Scroll            |     1 |     8 |     2 ||    11
       Potion            |       |     1 |     3 ||     4
Armor: Scale mail        |    37 |       |       ||    37
       Chain mail        |    58 |   172 |   217 ||   447
Dodge: Dodged            |    51 |    99 |    93 ||   243
Block: Buckler           |    41 |    61 |    50 ||   152

Table legend: (Time is in decaauts)
 A = Elapsed time spent in this place.
 B = Non-inter-level travel time spent in this place.
 C = Inter-level travel time spent in this place.
 D = Time resting spent in this place.
 E = Time spent auto-exploring this place.
 F = Levels seen in this place.
 G = Mean time per level.
                   A        B        C        D        E       F      G
               +--------+--------+--------+--------+--------+-----+--------+
         Total |   7040 |   6802 |    238 |    608 |   4735 |   8 |  880.0 |
       Dungeon |   6347 |   6109 |    238 |    608 |   4192 |   7 |  906.7 |
       Ossuary |    692 |    692 |      0 |      0 |    543 |   1 |  692.0 |
               +--------+--------+--------+--------+--------+-----+--------+

Top non-repeatable levels by time:
     D:6: 1685 daAuts
     D:1: 1029 daAuts
     D:4: 999 daAuts
     D:2: 905 daAuts
     D:3: 890 daAuts
     D:5: 791 daAuts
 Ossuary: 692 daAuts
     D:7: 45 daAuts
